 Dungeon Crawl Stone Soup version 0.27-a0-1456-gf5a116941d (webtiles) character file.

Game seed: 7939098372843770698

29255 epicjoe the Cleaver (level 13, -1/116 HPs)
             Began as a Minotaur Fighter on July 3, 2021.
             Was the Champion of Fedhas.
             Drowned by a drowned soul (9 damage)
             ... summoned by a merfolk avatar
             ... on level 3 of the Shoals on July 6, 2021.
             The game lasted 01:53:51 (15429 turns).

epicjoe the Cleaver (Minotaur Fighter)             Turns: 15429, Time: 01:53:52

Health: -1/116     AC: 22    Str: 27    XL:     13   Next: 14%
Magic:  13/13      EV: 11    Int:  5    God:    Fedhas [******]
Gold:   701        SH:  0    Dex: 17    Spells: 8/14 levels left

rFire    + + .     SeeInvis .   F - +1 demon trident (flame)
rCold    . . .     Faith    .   (no shield)
rNeg     . . .     Spirit   .   h - +4 chain mail {rF+}
rPois    +         Reflect  .   f - +2 hat
rElec    .         Harm     .   (no cloak)
rCorr    .         Rampage  .   L - +0 pair of gloves
Will     .....                  j - +0 pair of boots
Stlth    ..........             x - amulet of regeneration
HPRegen  1.29/turn              o - +6 ring of dexterity
MPRegen  0.13/turn              b - ring of protection from fire

@: brilliant, mesmerised, studying Short Blades, very slow
A: horns 2, retaliatory headbutt, poison resistance, strong 1
a: Renounce Religion, Wall of Briars, Grow Ballistomycete, Overgrow, Grow Oklob


You were on level 3 of the Shoals.
You worshipped Fedhas.
Fedhas was exalted by your worship.
You visited 3 branches of the dungeon, and saw 18 of its levels.
You also visited: Volcano.

You collected 866 gold pieces.
You spent 165 gold pieces at shops.

Inventory:

Hand Weapons
 E - a +1 spectral quarterstaff
 F - a +1 demon trident of flaming (weapon)
 O - a +5 spectral battleaxe
Missiles
 k - 23 boomerangs
 r - 48 poisoned darts
 A - 7 silver javelins
 C - 4 throwing nets
 M - 10 javelins
 N - 3 curare-tipped darts
Armour
 c - a +0 kite shield
 f - a +2 hat (worn)
 h - a +4 chain mail of fire resistance (worn)
 j - a +0 pair of boots (worn)
 p - a +2 cloak
 K - +0 acid dragon scales
 L - a +0 pair of gloves (worn)
 U - a scarf of invisibility
Jewellery
 b - a ring of protection from fire (right hand)
 l - a ring of protection from cold
 o - a +6 ring of dexterity (left hand)
 x - an amulet of regeneration (around neck)
 y - a ring of ice
 G - a ring of see invisible
Wands
 n - a wand of iceblast (28)
 q - a wand of flame (15)
 w - a wand of paralysis (9)
 D - a wand of mindburst (16)
 P - a wand of polymorph (6) (quivered)
Scrolls
 a - a scroll of summoning {unknown}
 d - a scroll of fear
 e - 2 scrolls of silence
 g - 4 scrolls of teleportation
 m - 4 scrolls of noise
 u - 3 scrolls of enchant weapon
 v - 4 scrolls of amnesia
 B - a scroll of blinking
 H - 4 scrolls of identify
 Q - a scroll of fog
 S - 3 scrolls of acquirement {unknown}
 X - a scroll of magic mapping
Potions
 i - 4 potions of might
 s - 3 potions of curing
 t - 3 potions of flight
 z - a potion of lignification
 I - 3 potions of berserk rage
 T - 3 potions of attraction {unknown}
 V - a potion of invisibility {unknown}
 W - a potion of haste
 Y - 2 potions of brilliance
 Z - a potion of magic {unknown}


   Skills:
 + Level 11.3 Fighting
 + Level 14.9 Axes
 + Level 9.6 Staves
 + Level 0.5 Throwing
 + Level 13.2 Armour
 + Level 4.5 Dodging
 + Level 3.1 Stealth
 + Level 7.8 Shields
 + Level 1.0 Spellcasting
 + Level 0.7 Conjurations
 + Level 1.3 Invocations
 + Level 0.9 Evocations


You had 8 spell levels left.
You knew the following spells:

 Your Spells              Type           Power      Damage    Failure   Level
a - Shadow Creatures      Summ           N/A        N/A       100%        6

Your spell library contained the following spells:

 Spells                   Type           Power      Damage    Failure   Level
 Magic Dart               Conj           4%         1d3       82%         1
 Foxfire                  Conj/Fire      0%         2x1d4     86%         1
 Shock                    Conj/Air       0%         1d3       86%         1
 Animate Skeleton         Necr           0%         N/A       88%         1
 Pain                     Necr           0%         1d4       88%         1
 Sandblast                Erth           0%         2d4       88%         1
 Static Discharge         Conj/Air       0%         N/A       94%         2
 Call Imp                 Summ           0%         N/A       96%         2
 Ensorcelled Hibernation  Hex/Ice        0%         N/A       96%         2
 Passwall                 Tmut/Erth      0%         N/A       96%         2
 Call Canine Familiar     Summ           0%         N/A       99%         3
 Conjure Flame            Conj/Fire      0%         6-21      99%         3
 Frozen Ramparts          Ice            0%         1d2       99%         3
 Gell's Gravitas          Tloc           0%         N/A       99%         3
 Inner Flame              Hex/Fire       0%         N/A       99%         3
 Mephitic Cloud           Conj/Pois/Air  0%         N/A       99%         3
 Portal Projectile        Hex/Tloc       0%         N/A       99%         3
 Spider Form              Tmut/Pois      0%         N/A       99%         3
 Stone Arrow              Conj/Erth      0%         3d7       99%         3
 Swiftness                Air            0%         N/A       99%         3
 Teleport Other           Tloc           0%         N/A       99%         3
 Vampiric Draining        Necr           0%         2d6       99%         3
 Airstrike                Air            0%         N/A       100%        4
 Dispel Undead            Necr           0%         3d6       100%        4
 Ice Form                 Ice/Tmut       0%         N/A       100%        4
 Leda's Liquefaction      Hex/Erth       0%         N/A       100%        4
 Sticky Flame             Conj/Fire      0%         2d3       100%        4
 Summon Ice Beast         Ice/Summ       0%         N/A       100%        4
 Agony                    Necr           0%         N/A       100%        5
 Bolt of Magma            Conj/Fire/Erth 0%         4d4       100%        5
 Excruciating Wounds      Necr           0%         N/A       100%        5
 Lee's Rapid Deconstruct  Erth           0%         3d5*      100%        5
 Dispersal                Tloc           0%         N/A       100%        6
 Invisibility             Hex            0%         N/A       100%        6
 Statue Form              Tmut/Erth      0%         N/A       100%        6
 Shatter                  Erth           0%         3d5*      100%        9


Dungeon Overview and Level Annotations

Branches:
Dungeon (11/15)            Temple (0/1) D:7            Lair (4/6) D:10
 Shoals (3/4) Lair:4       Spider (0/4) Lair:3      Volcano (visited)
    Orc: D:9-12

Altars:
Ashenzari
Cheibriados
Dithmenos
Elyvilon
Fedhas
Nemelex Xobeh
Qazlal
Ru
Trog
Vehumet

Shops:
D:4 ?(*:   D:6 !(==   Shoals:1 *

Annotations:
Shoals:3 1 runed translucent door


Innate Abilities, Weirdness & Mutations

You have a pair of horns on your head.
You reflexively headbutt those who attack you in melee.
Your system is resistant to poisons. (rPois)
Your muscles are strong. (Str +2)


Message History

The merfolk avatar chants its luring song.
The merfolk avatar chants its luring song.
The pull of its song draws you forwards.
You enter the shallow water.
Moving in this stuff is going to be slow.
The merfolk avatar chants its luring song.
Your unstable footing causes you to fumble your attack.
Your unstable footing causes you to fumble your attack.
The merfolk avatar chants its luring song.
You closely miss the merfolk avatar.
Your headbutt misses the merfolk avatar.
The merfolk avatar chants its luring song.
Your unstable footing causes you to fumble your attack.
Your magical effects are unravelling.
You feel magically purged.
You break out of your daze.
The drowned soul touches you. The drowned soul drowns you!
* * * LOW HITPOINT WARNING * * *
You closely miss the merfolk avatar. You headbutt the merfolk avatar!
The merfolk avatar is lightly wounded.
Your unstable footing causes you to fumble your attack.
You closely miss the merfolk avatar.
The merfolk avatar is lightly wounded.
The merfolk avatar chants a haunting song.
You resist. The drowned soul touches you. The drowned soul drowns you!
* * * LOW HITPOINT WARNING * * *
The drowned soul touches you. The drowned soul drowns you!
* * * LOW HITPOINT WARNING * * *
The merfolk avatar chants a haunting song.
You are mesmerised by the merfolk avatar!
You cannot move away from the merfolk avatar!
You cannot move away from the merfolk avatar!
Unknown command.
You feel clever all of a sudden.
The pull of its song draws you forwards.
The drowned soul returns to the deep!
The drowned soul touches you. The drowned soul drowns you!
You die...
Fedhas appreciates your contribution to the ecosystem.

..≈..........≈...
#.≈≈...$..#......
#.≈≈≈≈≈...###...≈ ..
##..≈≈≈≈≈$.# ..≈≈ ...
###..≈≈≈≈≈≈..# .≈≈
##..>..##....≈≈≈≈≈≈≈..
≈≈
.......#...≈≈≈≈≈≈≈≈≈...
≈≈ ..........≈≈≈≈≈≈≈≈≈
..≈≈......≈@m≈≈≈≈≈.
..≈≈≈......≈≈≈≈≈≈≈.
≈..≈≈..##..≈≈≈≈≈≈≈.
...≈...##...≈≈≈≈≈≈≈
............W≈≈≈≈≈≈
.≈..........≈≈≈≈≈≈≈
...(.....≈≈≈≈≈≈≈≈..
.....≈....≈≈.≈≈≈≈≈.
....≈≈..≈.....≈≈..


You could see a merfolk avatar (mesmerising) and a drowned soul (summoned).

Vanquished Creatures
  A red draconian (Volcano)
  2 hydras
  A boulder beetle (D:10)
  A centaur warrior (Volcano)
  A two-headed ogre (D:8)
  4 death yaks (Lair:3)
  Urug (D:10)
  A manticore (Shoals:2)
  Maurice (D:11)
  2 molten gargoyles (Volcano)
  3 black mambas
  2 merfolk sirens (Lair:4)
  2 rime drakes
  4 cane toads
  2 komodo dragons
  2 yaktaurs (Volcano)
  2 trolls (D:10)
  6 merfolk
  5 polar bears
  2 slime creatures (D:8)
  2 snapping turtles
  A vampire (D:10)
  3 wraiths
  21 yaks
  2 fire bats (Volcano)
  A steam dragon (D:8)
  A water elemental (Shoals:3)
  Grum (D:10)
  A wyvern (D:9)
  Eustachio (D:4)
  2 basilisks
  4 vampire mosquitoes (D:10)
  Menkaure (D:7)
  An acid dragon (D:10)
  11 water moccasins
  An orc warrior (D:10)
  2 ice beasts
  2 sky beasts
  2 necrophages
  2 ogres
  8 wolves (D:10)
  8 centaurs
  4 phantoms
  4 kobold brigands
  2 wyvern zombies
  12 bullfrogs
  A gnoll sergeant (D:10)
  A scorpion (Lair:3)
  A wyvern skeleton (D:5)
  18 killer bees
  2 howler monkeys (D:6)
  2 electric eels (D:10)
  5 wights (D:9)
  7 lava snakes (Volcano)
  A bullfrog zombie (D:6)
  3 centaur zombies
  4 hounds
  8 jellies
  An orc priest (D:10)
  A bullfrog skeleton (D:4)
  A centaur skeleton (D:5)
  2 gnoll shamans (D:6)
  Crazy Yiuf (D:2)
  2 orc wizards (D:10)
  A hound skeleton (D:4)
  Robin (D:2)
  13 gnolls
  8 adders
  A shadow imp (D:8)
  2 white imps
  A worm (D:3)
  A dart slug (D:2)
  13 orcs
  9 ball pythons
  7 bats
  9 endoplasms
  5 giant cockroaches
  12 goblins
  17 hobgoblins
  5 quokkas
  5 frilled lizards
  27 kobolds
343 creatures vanquished.

Vanquished Creatures (collateral kills)
  2 gnolls (D:3)
  A giant cockroach (D:3)
  4 ballistomycete spores (D:4)
7 creatures vanquished.

Vanquished Creatures (others)
  26 fungi
  34 plants
  8 toadstools (D:8)
68 creatures vanquished.

Grand Total: 418 creatures vanquished

Notes
Turn   | Place    | Note
-------+----------+-------------------------------------------
     0 | D:1      | epicjoe the Minotaur Fighter began the quest for the Orb.
     0 | D:1      | Reached XP level 1. HP: 19/19 MP: 0/0
   183 | D:1      | Reached XP level 2. HP: 22/27 MP: 1/1
   375 | D:1      | Found a faded altar of an unknown god.
   392 | D:1      | Became a worshipper of Fedhas Madash
   392 | D:1      | Reached * piety under Fedhas
   487 | D:1      | Learned a level 1 spell: Magic Dart
   551 | D:1      | Reached XP level 3. HP: 26/33 MP: 2/2
  1359 | D:2      | Noticed Robin
  1367 | D:2      | Killed Robin
  1367 | D:2      | Reached ** piety under Fedhas
  1368 | D:2      | Reached skill level 3 in Axes
  1368 | D:2      | Reached XP level 4. HP: 18/40 MP: 3/3
  1860 | D:3      | Reached skill level 1 in Dodging
  2231 | D:2      | Found a runed translucent door.
  2232 | D:2      | Noticed Crazy Yiuf
  2239 | D:2      | Killed Crazy Yiuf
  2240 | D:2      | Reached XP level 5. HP: 37/46 MP: 4/4
  2958 | D:3      | You fall into a shaft and drop 1 floor!
  2982 | D:4      | Found Apteny's Weapon Shoppe.
  3059 | D:3      | Reached *** piety under Fedhas
  3194 | D:3      | Gained mutation: Your muscles are strong. (Str +2) [potion
                  | of mutation]
  3194 | D:3      | Gained mutation: Your system is resistant to poisons.
                  | (rPois) [potion of mutation]
  3288 | D:3      | Found a sparkling altar of Nemelex Xobeh.
  3305 | D:3      | Noticed a necrophage
  3312 | D:3      | Killed a necrophage
  3313 | D:3      | Reached skill level 4 in Axes
  3313 | D:3      | Reached skill level 5 in Armour
  3313 | D:3      | Reached skill level 5 in Shields
  3313 | D:3      | Reached XP level 6. HP: 53/53 MP: 0/5
  3361 | D:4      | Found Ukkaere's Magic Scroll Emporium.
  3372 | D:4      | Reached skill level 5 in Axes
  3447 | D:4      | Noticed Eustachio
  3461 | D:5      | Entered Level 5 of the Dungeon
  3557 | D:4      | Killed Eustachio
  3558 | D:4      | Reached skill level 6 in Axes
  3558 | D:4      | Reached XP level 7. HP: 47/60 MP: 2/6
  3647 | D:5      | Reached skill level 1 in Invocations
  3752 | D:4      | Found Jompol's Assorted Antiques.
  4367 | D:4      | Reached skill level 5 in Fighting
  4443 | D:4      | Found Rahanaukh's Book Shoppe.
  4786 | D:4      | Learned a level 6 spell: Shadow Creatures
  4982 | D:5      | Reached skill level 7 in Axes
  5103 | D:5      | Reached XP level 8. HP: 68/68 MP: 7/7
  5152 | D:5      | Reached skill level 1 in Stealth
  5317 | D:5      | Identified the +1 leather armour of the Four Deaths {Drain
                  | rF+ rN+ Will+}
  5705 | D:6      | Found Vuilaro's Jewellery Boutique.
  5709 | D:6      | Found Erijif's Weapon Boutique.
  5714 | D:6      | Found Yfasmoag's Distillery.
  5717 | D:6      | Upgraded the game from 0.27-a0-1434-g6f15984924 to
                  | 0.27-a0-1456-gf5a116941d
  5728 | D:6      | Reached skill level 1 in Spellcasting
  5734 | D:6      | Found Jeifo's Jewellery Boutique.
  5739 | D:6      | Reached skill level 8 in Axes
  5752 | D:6      | Reached **** piety under Fedhas
  6261 | D:6      | Reached XP level 9. HP: 75/75 MP: 9/9
  6455 | D:6      | Reached skill level 9 in Axes
  6566 | D:6      | Bought a ring of see invisible for 165 gold pieces
  6720 | D:9      | Reached skill level 1 in Staves
  7405 | D:7      | Found a staircase to the Ecumenical Temple.
  7481 | D:8      | Found a bloodstained altar of Trog.
  7546 | D:8      | Noticed a two-headed ogre
  7551 | D:8      | Killed a two-headed ogre
  7552 | D:8      | Reached skill level 5 in Staves
  7552 | D:8      | Reached XP level 10. HP: 63/84 MP: 10/10
  8058 | D:7      | Noticed Menkaure
  8062 | D:7      | Killed Menkaure
  8509 | D:8      | Found a shadowy altar of Dithmenos.
  8535 | D:8      | Found a broken altar of Ashenzari.
  8535 | D:8      | Found a sacrificial altar of Ru.
  8542 | D:8      | Found a stormy altar of Qazlal.
  8550 | D:8      | Found a white marble altar of Elyvilon.
  8873 | D:8      | Reached ***** piety under Fedhas
  9187 | D:9      | Found a radiant altar of Vehumet.
  9575 | D:9      | Reached skill level 10 in Armour
  9703 | D:9      | Reached skill level 10 in Axes
  9882 | D:10     | Entered Level 10 of the Dungeon
 10061 | D:10     | Noticed Grum
 10067 | D:10     | Reached XP level 11. HP: 89/94 MP: 11/11
 10090 | D:10     | Killed Grum
 10224 | D:11     | Noticed an eight-headed hydra
 10336 | D:10     | Noticed Urug
 10343 | D:10     | Killed Urug
 10441 | D:10     | Reached skill level 11 in Axes
 10592 | D:10     | Noticed a boulder beetle
 10593 | D:10     | Found a staircase to the Lair.
 10611 | D:10     | Killed a boulder beetle
 10746 | D:10     | Reached ****** piety under Fedhas
 11008 | D:11     | Killed an eight-headed hydra
 11128 | D:11     | Noticed Maurice
 11137 | D:11     | Killed Maurice
 11340 | Lair:1   | Entered Level 1 of the Lair of Beasts
 11731 | Lair:1   | Reached skill level 12 in Axes
 11751 | Lair:1   | Identified the +0 scale mail "Nimaoz" {Str+9 Dex-2}
 11937 | Lair:1   | Identified the +0 leather armour of Slovenliness {Str+2}
 12216 | Lair:2   | Noticed a five-headed hydra
 12225 | Lair:2   | Killed a seven-headed hydra
 12377 | Lair:2   | Reached XP level 12. HP: 106/106 MP: 12/12
 12541 | Lair:2   | Reached skill level 10 in Fighting
 13026 | Lair:3   | Found a hole to the Spider Nest.
 13030 | Lair:3   | Reached skill level 13 in Axes
 13031 | Lair:3   | Noticed a death yak
 13032 | Lair:3   | Noticed a death yak
 13037 | Lair:3   | Noticed a death yak
 13037 | Lair:3   | Noticed a death yak
 13040 | Lair:3   | Killed a death yak
 13043 | Lair:3   | Killed a death yak
 13051 | Lair:3   | Killed a death yak
 13057 | Lair:3   | Killed a death yak
 13614 | Lair:3   | Found a dark tunnel.
 13625 | Volcano  | Entered a volcano
 13729 | Volcano  | Found a burning altar of Makhleb.
 13729 | Volcano  | Noticed a centaur warrior
 13733 | Volcano  | Killed a centaur warrior
 13734 | Volcano  | Reached skill level 14 in Axes
 13739 | Volcano  | Noticed a red draconian
 13743 | Volcano  | Killed a red draconian
 14239 | Lair:3   | Found a snail-covered altar of Cheibriados.
 14654 | Lair:4   | Reached XP level 13. HP: 76/116 MP: 13/13
 14818 | Lair:4   | Found a staircase to the Shoals.
 14837 | Shoals:1 | Entered Level 1 of the Shoals
 14943 | Shoals:1 | Found Cyoju's CLEARANCE SALE! EVERYTHING MUST GO!.
 15393 | Shoals:3 | Found a runed translucent gate.
 15429 | Shoals:3 | Drowned by a drowned soul

Illustrated notes

Levels and vault maps discovered:
D:1:      ebering_trefoil_twist, layout_basic,
          shapermc_ecumenical_altar_hornbeckon, chequers_serial_rivers_micro_d,
          st_stairs_2, minmay_pentomino_r2
D:2:      layout_basic, uniq_crazy_yiuf_cottage, uniq_robin
D:3:      layout_basic, general_overflow_altar
D:4:      layout_cave_pools, serial_shops, shop_fountains, shop,
          nicolae_shop_statue_plus, nicolae_inconvenience_store, uniq_eustachio
D:5:      layout_basic
D:6:      layout_loops_ring, minmay_shop_grid_forest, hex_medium
D:7:      layout_basic, minmay_temple_entry_junction, serial_co_window_serial,
          co_window_paths_b, co_window_of_opportunity_a,
          co_window_of_opportunity_a, co_window_paths_b,
          co_window_of_opportunity_a, co_window_paths_a, co_window_corner_a,
          co_window_corner_a, co_window_paths_b, co_window_broadway_b,
          co_window_4corner_a, glass_columns_b, glass_columns_a,
          glass_columns_b, glass_columns_b, uniq_menkaure
D:8:      cheibrodos_fertilizer, layout_gridville, trog_hazing_becter,
          minmay_overflow_temple_star_hex
D:9:      layout_roguey, amcnicky_altar_gilded
D:10:     layout_gridville, erik_lair_island, wad_rectangle_vault, uniq_grum,
          uniq_urug
D:11:     layout_small_grid, orc_david_3, uniq_maurice
Lair:1:   layout_concentric_octagons
Lair:2:   layout_long_grid, cheibrodos_lair_lostbears
Lair:3:   layout_gridlike, dummy_spider_entry, basic_altar, enter_volcano_1,
          serial_bayou_shore_b
Lair:4:   layout_loops_ring, elwin_shoals_entry_stream,
          minmay_lair_oklob_chamber
Shoals:1: layout_shoals, gammafunk_ghost_berserking_beasts,
          nicolae_shop_clearance
Shoals:2: layout_shoals, serial_shops, shop_coins, nicolae_shoals_c_island,
          uniq_aizul
Shoals:3: layout_shoals, ebering_ghost_gozag, serial_shops, shop

Skill      XL: |  1  2  3  4  5  6  7  8  9 10 11 12 13 |
---------------+----------------------------------------+-----
Shields        | 4 5 6 7 |  7.8
Fighting       | 4 5 6 8 9 11 | 11.3
Armour         | 4 5 7 8 10 11 13 | 13.2
Axes           | 3 4 6 7 8 9 10 12 14 | 14.9
Dodging        | 1 2 3 4 |  4.5
Invocations    | 1 |  1.3
Stealth        | 1 2 3 |  3.1
Spellcasting   | 1 |  1.0
Staves         | 5 9 |  9.6
Throwing       | |  0.5
Conjurations   | |  0.7
Evocations     | |  0.9

Action                   |  1- 3 |  4- 6 |  7- 9 | 10-12 | 13-15 || total
-------------------------+-------+-------+-------+-------+-------++-------
Melee: War axe           |    92 |    95 |   119 |       |       ||   306
       Headbutt          |     8 |    17 |    54 |    78 |     9 ||   166
       Quarterstaff      |       |       |    58 |   119 |       ||   177
       Battleaxe         |       |       |       |   232 |    24 ||   256
       Demon trident     |       |       |       |       |    10 ||    10
Throw: Boomerang         |       |       |     4 |       |       ||     4
Invok: Wall of Briars    |       |     2 |       |       |       ||     2
       Grow Ballistomyce |       |     1 |       |       |       ||     1
Evoke: Wand              |       |     2 |     2 |     3 |     1 ||     8
  Use: Potion            |       |     2 |     1 |     5 |     2 ||    10
       Scroll            |       |     5 |     5 |     8 |     1 ||    19
 Stab: Confused          |       |     1 |       |       |       ||     1
       Distracted        |       |       |     1 |     3 |     1 ||     5
Armor: Scale mail        |    46 |    54 |       |       |       ||   100
       Chain mail        |       |     3 |   130 |   256 |    17 ||   406
Dodge: Dodged            |    43 |    34 |    81 |   199 |    12 ||   369
Block: Kite shield       |    71 |    63 |    85 |       |       ||   219

Table legend: (Time is in decaauts)
 A = Elapsed time spent in this place.
 B = Non-inter-level travel time spent in this place.
 C = Inter-level travel time spent in this place.
 D = Time resting spent in this place.
 E = Time spent auto-exploring this place.
 F = Levels seen in this place.
 G = Mean time per level.
                   A        B        C        D        E       F      G
               +--------+--------+--------+--------+--------+-----+--------+
         Total |  15715 |  12771 |   2944 |   1415 |   1584 |  19 |  827.1 |
       Dungeon |  11539 |   9799 |   1740 |   1099 |   1454 |  11 | 1049.0 |
          Lair |   3053 |   2002 |   1051 |    149 |    129 |   4 |  763.2 |
        Shoals |    606 |    454 |    152 |    133 |      0 |   3 |  202.0 |
       Volcano |    516 |    516 |      0 |     34 |      0 |   1 |  516.0 |
               +--------+--------+--------+--------+--------+-----+--------+

Top non-repeatable levels by time:
     D:2: 1380 daAuts
     D:1: 1301 daAuts
     D:3: 1247 daAuts
    D:10: 1238 daAuts
     D:8: 1219 daAuts
  Lair:3: 1161 daAuts
     D:7: 1132 daAuts
     D:6: 1008 daAuts
  Lair:2: 972 daAuts
     D:4: 960 daAuts
     D:9: 953 daAuts
     D:5: 882 daAuts
  Lair:1: 725 daAuts
 Volcano: 516 daAuts
Shoals:1: 507 daAuts
